Map: Lost and Found LE

Players

Rex

  • Race: Zerg Zerg
  • Spawn Location: 7:00

DeMusliM - Winner!

  • Race: Terran Terran
  • Spawn Location: 1:00

Event: WCS Valencia 2018

VOD

Have the link to the VOD?

Description

Time

  • Played on: July 12, 2018, 2:10 p.m.
  • Length: 16:26

All games in this series

Show
View Real Time Build Order
Export as new Build Order

Rex Zerg 

Build Orders: Hatch First 

Get SALT Encoding   

  12  0:00  Drone  
  13  0:12  Overlord  
  13  0:17  Drone  
  14  0:33  Drone x2  
  16  0:37  Drone  
  17  0:52  Hatchery  
  17  0:55  Drone  
  17  0:57  Drone  
  18  1:14  Spawning Pool  
  17  1:20  Drone  
  17  1:23  Drone  
  19  1:31  Extractor  
  18  1:42  Drone  
  18  1:43  Overlord  
  20  2:10  Zergling x4  
  20  2:11  Zergling x2  
  20  2:12  Spine Crawler  
  20  2:14  Zergling x2  
  20  2:15  Zergling x2  
  23  2:20  Queen  
  24  2:24  Zergling x2  
  25  2:35  Spine Crawler, Zergling x2  
  25  2:40  Zergling x2  
  25  2:43  Zergling x2  
  27  2:45  Zergling x2  
  27  2:50  Zergling x2  
  29  2:58  Zergling x4  
  31  3:05  Overlord  
  31  3:11  Spine Crawler  
  29  3:16  Zergling x2  
  29  3:25  Queen  
  31  3:28  Drone x2  
  31  3:32  Drone  
  34  3:40  Zergling x4  
  36  3:50  Extractor  
  36  3:51  Zergling x2  
  36  4:04  Zergling x2  
  37  4:13  Overlord  
  37  4:14  Overlord  
  37  4:31  Queen  
  37  4:35  Zergling x2  
  37  4:36  Zergling x8  
  40  4:56  Metabolic Boost  
  37  5:00  Hatchery  
  36  5:19  Hatchery  
  35  5:22  Drone  
  35  5:26  Drone  
  37  5:36  Drone  
  37  5:37  Drone x2  
  37  5:38  Drone  
  37  5:42  Drone  
  42  5:46  Drone  
  42  5:49  Drone  
  44  5:53  Drone  
  45  6:07  Drone  
  46  6:14  Drone x4  
  46  6:15  Baneling Nest  
  49  6:20  Drone  
  49  6:22  Drone  
  51  6:31  Drone  
  53  6:32  Drone  
  53  6:34  Drone  
  53  6:38  Drone x3  
  57  6:40  Queen  
  57  6:42  Drone  
  60  6:47  Drone x2  
  60  6:52  Drone  
  60  6:53  Overlord  
  63  6:54  Extractor  
  63  7:01  Drone x3  
  63  7:02  Overlord  
  63  7:05  Baneling x4  
  63  7:06  Baneling  
  63  7:07  Baneling  
  64  7:09  Baneling  
  64  7:16  Zergling x4  
  64  7:17  Zergling x6  
  69  7:23  Baneling x2  
  69  7:28  Zergling x2  
  69  7:29  Zergling x12  
  76  7:42  Zergling x4  
  76  7:43  Zergling x2  
  76  7:44  Zergling x2  
  73  7:46  Zergling x2  
  73  7:48  Drone  
  73  7:49  Drone x4  
  75  7:51  Drone  
  75  7:53  Drone  
  75  7:55  Evolution Chamber x2, Drone x3  
  75  7:56  Drone  
  79  8:08  Zergling x4  
  79  8:10  Extractor  
  79  8:11  Extractor, Baneling x4  
  79  8:14  Lair  
  79  8:20  Baneling x4  
  79  8:21  Drone x2  
  79  8:22  Overlord  
  79  8:24  Overlord  
  81  8:29  Overlord  
  81  8:35  Baneling x3  
  81  8:39  Overlord x3  
  81  8:44  Zergling x2  
  81  8:45  Zergling x14  
  88  8:49  Drone x3  
  88  8:50  Drone  
  87  8:55  Zergling x2  
  87  9:00  Zergling x10  
  87  9:01  Zerg Ground Armor Level 1  
  92  9:07  Zerg Melee Weapons Level 1  
  92  9:08  Drone x2  
  92  9:09  Drone  
  95  9:10  Drone x2  
  95  9:13  Drone  
  98  9:20  Centrifical Hooks  
  98  9:23  Baneling x6  
  97  9:38  Drone x4  
  98  9:40  Extractor  
  98  9:44  Hydralisk Den, Hatchery  
  98  9:45  Queen x2  
  97  9:53  Zergling x14  
  104  10:02  Extractor  
  104  10:05  Zergling x14  
  104  10:06  Zergling x4  
  112  10:07  Baneling x4  
  112  10:13  Overlord  
  112  10:17  Overlord  
  112  10:19  Grooved Spines  
  112  10:22  Infestation Pit  
  112  10:23  Drone x3  
  114  10:36  Overlord x2  
  114  10:37  Drone x4  
  114  10:40  Baneling x5  
  114  10:41  Spore Crawler  
  117  10:43  Spore Crawler  
  116  10:56  Zergling x2  
  120  10:57  Zergling x22  
  110  11:19  Hydralisk x4  
  110  11:20  Hydralisk x4  
  110  11:21  Overlord x3  
  110  11:24  Zerg Melee Weapons Level 2  
  126  11:28  Drone  
  126  11:30  Muscular Augments  
  125  11:38  Overlord x2, Hive  
  125  11:39  Zerg Ground Armor Level 2  
  125  11:44  Hydralisk  
  125  11:45  Hydralisk  
  118  12:02  Drone x9  
  118  12:07  Hydralisk  
  118  12:08  Hydralisk x3  
  129  12:13  Hatchery, Baneling x4  
  129  12:14  Baneling  
  133  12:20  Baneling x6  
  133  12:21  Baneling x4  
  133  12:23  Zergling x12  
  139  12:31  Zergling x10  
  139  12:32  Zergling x6  
  143  12:46  Zergling x16  
  141  12:53  Viper x3  
  148  12:59  Drone x2  
  148  13:01  Extractor  
  148  13:02  Baneling x5  
  148  13:03  Zergling x10  
  154  13:10  Hatchery  
  137  13:29  Hydralisk x5, Infestation Pit  
  137  13:30  Zergling x16  
  137  13:31  Zergling x4  
  154  13:43  Hatchery  
  154  13:44  Zergling x2  
  154  13:45  Zergling x12  
  155  13:58  Hydralisk x2  
  155  13:59  Zergling x2  
  155  14:01  Overlord x3  
  160  14:03  Overlord  
  160  14:07  Baneling x10  
  160  14:13  Ultralisk Cavern, Baneling x4  
  159  14:21  Baneling x8  
  159  14:24  Zergling x4  
  159  14:25  Zergling x16  
  127  14:47  Zergling x2  
  127  14:48  Zergling x36  
  126  14:54  Hydralisk x3  
  126  14:57  Baneling  
  126  14:58  Baneling x6  
  120  15:01  Baneling  
  120  15:03  Hydralisk x2  
  106  15:18  Hydralisk x4  
  106  15:21  Hydralisk  
  102  15:22  Zergling x2  
  98  15:29  Hydralisk  
  98  15:30  Zergling x6  
  96  15:35  Hydralisk  
  96  15:36  Zergling x2  
  93  15:44  Zergling x2  
  93  15:45  Zergling x8  
  93  15:46  Zergling x2  
  93  15:47  Zergling x2  
  84  15:50  Zergling x2  
  84  15:52  Zergling x2  
  75  15:57  Hydralisk  
  75  16:00  Hydralisk  
Show
View Real Time Build Order
Export as new Build Order

DeMusliM Terran - Winner!

Build Orders: MMM Bio 

Get SALT Encoding   

  12  0:00  SCV  
  13  0:13  SCV  
  14  0:19  Supply Depot  
  14  0:25  SCV  
  15  0:41  Barracks  
  15  0:54  Barracks  
  15  1:06  Barracks  
  15  1:13  SCV  
  16  1:27  Marine  
  17  1:33  Orbital Command  
  17  1:38  Bunker  
  17  1:41  Marine  
  17  1:46  Marine  
  19  1:54  Marine  
  19  2:01  Marine  
  21  2:04  Marine  
  22  2:09  Supply Depot  
  22  2:14  Marine  
  23  2:18  Bunker  
  23  2:31  SCV, Marine  
  23  2:32  Marine  
  23  2:33  Marine  
  27  2:43  SCV  
  28  2:48  Marine  
  28  2:55  SCV  
  28  2:57  Supply Depot  
  29  3:06  Marine  
  29  3:07  SCV  
  31  3:19  SCV  
  33  3:23  Command Center  
  33  3:32  SCV, Refinery  
  33  3:33  Refinery  
  33  3:42  Supply Depot  
  33  3:44  SCV  
  34  4:00  SCV  
  35  4:12  SCV  
  35  4:16  Factory  
  36  4:24  SCV  
  37  4:36  SCV  
  39  4:38  Barracks  
  39  4:39  Engineering Bay  
  39  4:40  Orbital Command  
  39  4:45  Barracks Reactor  
  37  4:56  Barracks Tech Lab  
  28  5:00  Hellion, SCV  
  28  5:01  Bunker  
  28  5:04  Bunker  
  28  5:06  Terran Infantry Weapons Level 1  
  31  5:07  SCV  
  32  5:15  Marine  
  32  5:16  Stimpack  
  32  5:19  SCV  
  32  5:20  SCV  
  35  5:24  Orbital Command  
  35  5:25  Marine  
  38  5:28  Hellion  
  38  5:30  Hellion  
  38  5:35  Marine x2  
  42  5:44  Starport  
  44  5:50  Hellion, SCV  
  44  5:51  Hellion, SCV  
  44  5:53  Marine  
  49  5:59  Marine  
  49  6:00  Supply Depot  
  49  6:02  Marine  
  52  6:04  SCV x2  
  53  6:13  Hellion  
  53  6:16  Hellion  
  57  6:21  Barracks Reactor x2  
  57  6:24  SCV x2  
  59  6:35  Marine  
  59  6:36  Bunker  
  59  6:37  Bunker  
  60  6:41  SCV x2  
  60  6:42  Armory  
  60  6:45  Medivac  
  64  6:50  Medivac  
  64  6:53  SCV x2  
  68  6:59  Supply Depot  
  68  7:00  Marine  
  69  7:03  Marine  
  70  7:17  Combat Shields  
  70  7:20  SCV x2, Marine  
  70  7:21  Supply Depot  
  73  7:25  Marine x2  
  73  7:26  Terran Infantry Armor Level 1  
  75  7:33  SCV x2, Marine  
  78  7:39  Marine  
  78  7:43  Marine  
  65  7:45  SCV, Marine  
  65  7:49  Marine  
  63  7:51  Marine  
  63  7:52  SCV  
  63  7:54  Engineering Bay  
  65  8:00  Marine  
  65  8:02  SCV, Command Center  
  65  8:04  SCV  
  68  8:10  Medivac  
  70  8:16  Marine x2  
  70  8:17  Marine  
  70  8:18  Medivac, Marine  
  70  8:19  SCV, Factory Tech Lab  
  77  8:20  SCV  
  77  8:22  Refinery  
  77  8:23  Supply Depot, Refinery  
  77  8:24  Marine  
  79  8:31  Terran Infantry Weapons Level 2  
  79  8:33  Marine  
  79  8:34  Marine  
  80  8:36  Marine  
  80  8:39  SCV x2  
  84  8:54  Marine  
  76  8:56  Marine  
  76  8:58  Medivac  
  76  8:59  Marine x3  
  82  9:08  Medivac, Barracks x2  
  76  9:12  SCV, Marine  
  76  9:14  Marine  
  79  9:17  Concussive Shells  
  79  9:23  Marine x2  
  81  9:26  SCV  
  81  9:28  Barracks x3  
  78  9:32  Marine x2  
  78  9:35  Marine  
  78  9:40  Marine  
  78  9:41  Marine  
  78  9:44  Terran Infantry Armor Level 2  
  78  9:46  SCV x2  
  78  9:50  Marine x2  
  82  9:52  Marine  
  82  9:54  Orbital Command  
  82  9:58  SCV x2, Marine  
  82  9:59  Barracks Tech Lab  
  87  10:00  Barracks Tech Lab  
  87  10:04  Marine  
  87  10:10  SCV x2  
  87  10:11  Marine x2  
  87  10:12  Supply Depot  
  87  10:13  Supply Depot  
  91  10:18  Marine, Marauder  
  91  10:19  Barracks Tech Lab, Barracks Reactor x2  
  94  10:22  SCV  
  94  10:24  SCV  
  94  10:27  Medivac x2, Siege Tank  
  94  10:28  Marine x2, Marauder  
  107  10:31  Refinery  
  107  10:36  Marine  
  107  10:37  Marine x2  
  107  10:38  Marine  
  107  10:40  Marauder  
  107  10:42  Supply Depot x2  
  113  10:45  Marine  
  113  10:48  Marauder  
  113  10:49  Marine  
  117  10:54  Marine  
  117  10:55  Marine  
  118  10:57  Medivac x2  
  109  11:11  Marine  
  109  11:12  Marauder  
  109  11:13  Marine x2  
  109  11:17  Marine x2  
  98  11:18  Marine x2  
  98  11:19  Marine x4  
  98  11:23  Supply Depot, Command Center  
  103  11:26  SCV  
  103  11:29  Marine  
  103  11:30  Terran Infantry Weapons Level 3  
  103  11:31  Marine x2  
  107  11:33  Medivac, Marauder  
  107  11:34  Marine  
  107  11:35  Marine  
  113  11:44  Medivac  
  113  11:51  Marine, Marauder  
  113  11:52  Marine, Marauder  
  107  11:58  SCV x2  
  107  11:59  Marine, Marauder  
  111  12:04  Supply Depot, Marine  
  111  12:05  Marauder  
  111  12:08  Terran Infantry Armor Level 3, Supply Depot  
  114  12:13  Marine x3  
  114  12:14  Marine  
  118  12:19  Marine  
  118  12:20  Marauder  
  121  12:24  Marine, Marauder  
  121  12:25  Marauder  
  126  12:34  Marine  
  126  12:35  Marauder  
  129  12:37  Marine  
  129  12:41  Marauder  
  129  12:43  SCV x2  
  114  12:45  SCV  
  114  12:48  Marine, Marauder  
  115  12:51  Marine  
  115  12:52  Marine  
  115  12:55  SCV  
  115  12:56  Marine  
  118  12:58  SCV  
  118  13:03  Marine x2  
  118  13:05  SCV  
  122  13:19  Marine, Marauder  
  120  13:23  Marine, Marauder  
  120  13:24  Marine, Marauder  
  120  13:25  Siege Tank  
  126  13:29  Marine  
  126  13:30  Marauder  
  126  13:32  Marine x2  
  131  13:35  Marine x2  
  131  13:41  Marauder  
  135  13:46  Marine x2  
  135  13:47  Marauder  
  134  13:48  SCV x2  
  134  13:49  SCV, Planetary Fortress  
  134  13:55  Marine, Marauder  
  140  14:00  SCV  
  140  14:01  SCV x2  
  143  14:06  Marine  
  143  14:07  Marine, Marauder  
  143  14:08  Marine x2  
  149  14:13  SCV x3  
  149  14:14  Marine, Marauder  
  155  14:23  Marine  
  158  14:24  Marauder  
  158  14:25  SCV  
  159  14:32  Marine  
  159  14:35  Marauder  
  133  14:40  Marine, Marauder  
  133  14:41  Medivac x2  
  133  14:42  Siege Tank  
  107  14:45  Marine  
  107  14:46  Marauder  
  107  14:47  Marine, Marauder  
  107  14:48  SCV  
  107  14:49  Orbital Command  
  107  14:50  Marine  
  108  14:56  Marauder  
  108  14:59  Marine  
  103  15:02  Marauder  
  103  15:06  Marine  
  103  15:07  Marauder  
  103  15:08  SCV  
  106  15:16  Marine, Marauder  
  106  15:19  Marauder  
  106  15:20  Marine  
  103  15:23  SCV  
  103  15:27  Marine  
  103  15:28  Marauder  
  104  15:36  Marine, Marauder  
  104  15:40  Marine, Marauder  
  109  15:43  Marine  
  109  15:44  Marauder  
  103  15:52  Marine  
  103  15:53  Marauder  
  102  15:57  Marine  
  102  15:58  Marauder  
  102  16:02  Marauder  
Tags
 
Add a new tag
Caveats
  • Supply blocks, unpowered buildings, or Contaminate may cause inaccurate times.
  • Supply counts are checked every 10 seconds.